[ AOE2 MATCH · #495405623 ]
UnrankedMongols vs Aztecs
Player's team · WIN
Rival team · LOSS
[ REPLAY ANALYSIS · EXTRACTED FROM THE RECORDED GAME ]
Feudal
8:03
Castle
—
Imperial
—
| APM avg | 75.0 |
| APM peak | 105 |
| eAPM avg | 31.3 |
| Villagers / military | 34 / 7 |
Focus
⚔️ 51.4% · 🌾 48.6%
Militia ×7
Feudal
—
Castle
—
Imperial
—
| APM avg | 108.5 |
| APM peak | 160 |
| eAPM avg | 47.1 |
| Villagers / military | 47 / 12 |
Focus
⚔️ 57.4% · 🌾 42.6%
Militia ×12
Match map
Initial resources + every placement click. Lines = walls · curves = elevation contours. ◆ gold · ⬟ stone · ● berries · ✦ relic · ◌ wall gap
Your base
SVTT | Альпинист's base
Smoothed initial terrain · ◌ = detected wall gap · hover for details
Inputs per minute
— L.L - - SVTT | Альпинист
Build order — L.L
58 actions detected in the replay
| 0:01 | Queue | Villager (Male) ×4 |
| 0:01 | Queue | Villager (Male) ×4 |
| 0:02 | Build | House |
| 0:04 | Build | House |
| 1:43 | Queue | Villager (Male) |
| 1:43 | Queue | Villager (Male) |
| 1:43 | Queue | Villager (Male) |
| 2:12 | Build | Lumber Camp |
| 2:16 | Queue | Villager (Male) |
| 2:16 | Queue | Villager (Male) |
| 2:16 | Queue | Villager (Male) |
| 2:57 | Queue | Villager (Male) |
| 2:57 | Queue | Villager (Male) |
| 2:59 | Queue | Villager (Male) |
| 3:00 | Queue | Villager (Male) |
| 3:17 | Queue | Villager (Male) |
| 3:18 | Queue | Villager (Male) |
| 3:29 | Queue | Villager (Male) |
| 3:30 | Queue | Villager (Male) |
| 4:04 | Queue | Villager (Male) |
| 4:06 | Queue | Villager (Male) |
| 4:07 | Queue | Villager (Male) |
| 4:08 | Build | House |
| 4:34 | Queue | Villager (Male) |
| 4:57 | Build | Barracks |
| 5:00 | Queue | Villager (Male) |
| 5:49 | Research | Feudal Age |
| 6:06 | Build | Palisade Wall |
| 6:09 | Build | House |
| 6:14 | Build | Palisade Wall |
| 6:17 | Build | Palisade Wall |
| 6:18 | Build | Palisade Wall |
| 6:20 | Build | Palisade Wall |
| 6:21 | Queue | Militia |
| 6:21 | Queue | Militia |
| 6:51 | Build | Mining Camp |
| 7:05 | Queue | Militia |
| 7:23 | Queue | Militia |
| 7:23 | Queue | Militia |
| 7:54 | Queue | Militia |
| 7:58 | Build | House |
| 8:03 | Age | Feudal Age |
| 8:14 | Queue | Villager (Male) |
| 8:19 | Queue | Villager (Male) |
| 8:24 | Build | Palisade Wall |
| 8:27 | Build | Palisade Wall |
| 8:29 | Build | Palisade Wall |
| 8:38 | Queue | Militia |
| 8:53 | Research | Man-at-Arms (upgrade) |
| 9:02 | Build | Mill |
| 9:03 | Build | House |
| 9:11 | Queue | Villager (Male) |
| 9:11 | Queue | Villager (Male) |
| 9:32 | Build | Farm |
| 9:47 | Queue | Villager (Male) |
| 10:04 | Queue | Villager (Male) |
| 10:05 | Queue | Villager (Male) |
| 10:19 | Build | Farm |
Build order — SVTT | Альпинист
72 actions detected in the replay
| 0:01 | Queue | Villager (Male) |
| 0:01 | Queue | Villager (Male) |
| 0:02 | Build | House |
| 0:02 | Build | House |
| 0:05 | Queue | Villager (Male) |
| 0:05 | Queue | Villager (Male) |
| 0:06 | Queue | Villager (Male) |
| 1:21 | Queue | Villager (Male) |
| 1:22 | Queue | Villager (Male) |
| 1:22 | Queue | Villager (Male) |
| 1:52 | Queue | Villager (Male) |
| 1:52 | Queue | Villager (Male) |
| 2:09 | Queue | Villager (Male) |
| 2:09 | Queue | Villager (Male) |
| 2:42 | Queue | Villager (Male) |
| 2:42 | Queue | Villager (Male) |
| 2:42 | Queue | Villager (Male) |
| 2:45 | Build | Barracks |
| 3:01 | Queue | Villager (Male) |
| 3:01 | Queue | Villager (Male) |
| 3:29 | Build | House |
| 3:36 | Queue | Villager (Male) |
| 3:43 | Queue | Villager (Male) |
| 3:43 | Queue | Villager (Male) |
| 3:55 | Queue | Militia |
| 3:55 | Queue | Militia |
| 4:03 | Build | House |
| 4:11 | Queue | Militia |
| 4:11 | Queue | Militia |
| 4:27 | Queue | Villager (Male) |
| 4:27 | Queue | Villager (Male) |
| 4:47 | Build | House |
| 4:56 | Queue | Militia |
| 4:57 | Queue | Militia |
| 4:57 | Queue | Militia |
| 5:07 | Queue | Villager (Male) |
| 5:07 | Queue | Villager (Male) |
| 5:12 | Queue | Villager (Male) |
| 5:12 | Queue | Villager (Male) |
| 5:39 | Queue | Villager (Male) |
| 5:39 | Queue | Villager (Male) |
| 5:39 | Queue | Villager (Male) |
| 5:42 | Build | Mill |
| 6:32 | Queue | Villager (Male) |
| 6:32 | Queue | Villager (Male) |
| 6:34 | Build | Lumber Camp |
| 6:50 | Queue | Militia |
| 6:50 | Queue | Militia |
| 6:56 | Queue | Villager (Male) |
| 7:08 | Queue | Villager (Male) |
| 7:08 | Queue | Villager (Male) |
| 7:27 | Queue | Villager (Male) |
| 7:59 | Queue | Villager (Male) |
| 8:01 | Queue | Villager (Male) |
| 8:01 | Queue | Villager (Male) |
| 8:02 | Queue | Villager (Male) |
| 8:02 | Queue | Villager (Male) |
| 8:17 | Queue | Militia |
| 8:18 | Queue | Militia |
| 8:18 | Queue | Militia |
| 8:32 | Queue | Villager (Male) |
| 8:32 | Queue | Villager (Male) |
| 8:33 | Queue | Villager (Male) |
| 8:36 | Queue | Villager (Male) |
| 8:36 | Queue | Villager (Male) |
| 8:36 | Queue | Villager (Male) |
| 8:40 | Build | House |
| 9:06 | Build | Mill |
| 9:36 | Queue | Villager (Male) |
| 10:12 | Research | Feudal Age |
| 10:12 | Research | Feudal Age |
| 10:23 | Build | Mining Camp |
Match timeline
| 2:45 | SVTT | Альпинист · first_building Barracks |
| 4:57 | L.L · first_building Barracks |
| 6:06 | L.L · wall_segment Palisade Wall x1 |
| 6:14 | L.L · wall_segment Palisade Wall x1 |
| 6:17 | L.L · wall_segment Palisade Wall x1 |
| 6:18 | L.L · wall_segment Palisade Wall x1 |
| 6:20 | L.L · wall_segment Palisade Wall x1 |
| 8:03 | L.L · age_up feudal |
| 8:24 | L.L · wall_segment Palisade Wall x1 |
| 8:27 | L.L · wall_segment Palisade Wall x1 |
| 8:29 | L.L · wall_segment Palisade Wall x1 |
| 10:30 | SVTT | Альпинист · resign |
[ AI ANALYSIS · 1 CREDIT ]
What really happened in this match?
Wolo.gg analyzes every decision: build order, eco, micro, common mistakes by bracket. Personalized analysis on WhatsApp or Discord in 30 seconds.
Civ guide
Mongols
Perfil
Jugador #295979